[Event "*** SCC Grand Prix: Titled Tuesday Blitz"]
[Site "Chess.com"]
[Date "2020.08.11"]
[Round "1"]
[White "korkmaz16"]
[Black "Murad_Ibrahimli"]
[Result "0-1"]
[WhiteElo "2349"]
[BlackElo "2700"]
[TimeControl "180+1"]
[EndTime "10:08:12 PDT"]
[Termination "Murad_Ibrahimli won by resignation"]

1. d4 Nf6 2. Nf3 e6 3. e3 b6 4.
Bd3 Bb7 5. O-O c5 6. c4 cxd4 7.
exd4 d5 8. Nc3 Be7 9. cxd5 Nxd5 10. Bb5+ Bc6 11. Qa4 Bxb5 12. Qxb5+ Qd7 13. Qxd7+ Nxd7 14. Nxd5 exd5 15. Re1 f6 16. Bf4 Kf7 17. Rac1 Rhc8 18. a3 g5 19. Bg3 b5 20. Nd2 Nb6 21. Nb3 Nc4 22. Rc2 a5 23. Rce2 Ra7 24. h4 h6 25. f4 gxh4 26. Bxh4 a4 27. Nc1 Nd6 28. Nd3 Ne4 29. f5 Rc4 30. Bf2 Bd6 31. Be3 h5 32. Nc5 Re7 33. Nxe4 Rxe4 34. Bf2 Rxe2 35. Rxe2 Rc1+ 36.
Re1 Rc2 37. Rb1 b4 38. axb4 Bxb4 39. Kf1 Bd2 40. Ra1 Rc1+ 41. Rxc1 Bxc1 42. Ke2 Bxb2 43. Kd3 a3 44. Kc2 Ke7 45. Kb3 Kf7 46. Be3 Kg7 47. Ka2 Kf8 48. Kb3 Kf7 49. Ka2 h4 50. Kb3 Ke7 51. Ka2 Kd7 52. Kb3 Kc6 53. Bf2 Kb5 54.
Bxh4 Bxd4 55. Be1 Bc5 56. g4 d4 57. Bd2 Be7 58. Bf4 Kc6 59. Bc1 Kd5 60. Bxa3 Bxa3 61.
Kxa3 Ke4 62. Kb2 Kf4 63. Kc2 Kxg4 64. Kd3 Kxf5 65. Kxd4 Kf4 66. Kd3 f5 67. Ke2 Kg3 68. Kf1 Kf3 69. Kg1 Ke2 70. Kg2 f4 71. Kh2 f3 72.
Kg3 f2 73. Kf4 f1=Q+ 74. Kg3 Qf3+ 0-1

[Event "*** SCC Grand Prix: Titled Tuesday Blitz"]
[Site "Chess.com"]
[Date "2020.08.11"]
[Round "1"]
[White "ValeriyGrinev"]
[Black "Xeslu"]
[Result "1-0"]
[WhiteElo "2641"]
[BlackElo "2294"]
[TimeControl "180+1"]
[EndTime "10:08:13 PDT"]
[Termination "ValeriyGrinev won on time"]

1. d4 d5 2. c4 c6 3. Nf3 Nf6 4. Nc3 e6 5. e3 Nbd7 6. Be2 dxc4 7. a4 Bb4 8. O-O O-O 9. Bxc4 c5 10. Na2 a5 11.
Nxb4 axb4 12. b3 Nb6 13. Be2 cxd4 14. Nxd4 Nbd5 15. Bb2 Ne4 16. Nb5 Bd7 17. Qd4 Nef6 18.
e4 Nf4 19. Bc4 Bxb5 20. Bxb5 Qxd4 21. Bxd4 Nxe4 22. Rfe1 Nf6 23. Bc5 Rfd8 24. Bxb4 Nd3 25. Bxd3 Rxd3 26. Rab1 h6 27. Bc5 Nd5 28. Red1 Rc3 29.
Bd4 Rc2 30. Rbc1 Rac8 31. Rxc2 Rxc2 32. g3 Kh7 33. h4 h5 34. Kg2 Kg6 35. Kf3 f6 36. g4 hxg4+ 37. Kxg4 Kf7 38. h5 Re2 39. Kf3 Rc2 40. Rd3 Rc1 41. a5 Rh1 42. Kg4 Rxh5 43.
Rd2 Rh8 44. b4 Rc8 45. Bc5 Kg6 46. Kf3 Kf5 47. Ra2 g5 48. a6 g4+ 49. Kg3 1-0

[Event "*** SCC Grand Prix: Titled Tuesday Blitz"]
[Site "Chess.com"]
[Date "2020.08.11"]
[Round "1"]
[White "Vesper2018"]
[Black "KaspMagAlpha"]
[Result "1-0"]
[WhiteElo "2576"]
[BlackElo "2216"]
[TimeControl "180+1"]
[EndTime "10:08:13 PDT"]
[Termination "Vesper2018 won by resignation"]

1. e4 c5 2. Nc3 a6 3. g3 b5 4. Bg2 Bb7 5. Nge2 e6 6. d4 cxd4 7.
Nxd4 Nf6 8. O-O b4 9. Na4 Bxe4 10. Bxe4 Nxe4 11. Re1 Nc5 12. Nxc5 Bxc5 13. Qg4 O-O 14.
Nb3 Bb6 15. Qxb4 Nc6 16. Qc3 Rc8 17. Qd2 Qf6 18. Qe2 a5 19. c3 a4 20. Nd2 a3 21. Ne4 Qe7 22. b3 d5 23. Ng5 h6 24.
Nf3 e5 25. Be3 Bc7 26. b4 d4 27. cxd4 exd4 28. Bxd4 Qxe2 29. Rxe2 Nxb4 30. Bc5 Nd3 31. Bxf8 Rxf8 32. Rd1 Nc5 33. Re3 Ne6 34. Rxa3 Bb6 35. Rb3 Bc5 36. a4 Ra8 37. Ra1 Bf8 38. a5 Nc5 39.
Rb5 Na6 40. Ne5 g6 41. Nd7 Bg7 42. Ra2 Nc7 43. Rb7 Nd5 44. a6 Nc3 45. Ra3 Bd4 46.
a7 Kh7 47. Nb6 Bxb6 48. Rxb6 Nd5 49. Rb8 Nc7 50. Rxa8 Nxa8 51. Rb3 Kg7 52. Rb8 Nc7 53. a8=Q Nxa8 54. Rxa8 h5 55. Kg2 Kh6 56. h4 g5 57.
Ra6+ f6 58. Rxf6+ Kg7 59. hxg5 h4 60. f4 h3+ 61. Kxh3 1-0

[Event "*** SCC Grand Prix: Titled Tuesday Blitz"]
[Site "Chess.com"]
[Date "2020.08.11"]
[Round "1"]
[White "rududuyk"]
[Black "MPGM"]
[Result "1/2-1/2"]
[WhiteElo "2108"]
[BlackElo "2493"]
[TimeControl "180+1"]
[EndTime "10:08:13 PDT"]
[Termination "Game drawn by repetition"]

1. e4 c6 2. d4 d5 3. exd5 cxd5 4. Bd3 Nc6 5. c3 Qc7 6. Qf3 Nf6 7. Bf4 Qb6 8. Qe2 Bg4 9. Qc2 Rc8 10. Qb3 e6 11.
Nd2 Be7 12. Ngf3 O-O 13. O-O Bh5 14. Qxb6 axb6 15. Rfe1 Bg6 16. Bxg6 hxg6 17. Ne5 Nxe5 18. Bxe5 Nd7 19. Bg3 b5 20. a3 Nb6 21. Nf3 Nc4 22.
Re2 Rc6 23. Rae1 Ra8 24. Ne5 Nxe5 25. Bxe5 f6 26. Bg3 Kf7 27. h3 g5 28. f3 Bd6 29.
Bxd6 Rxd6 30. Kf2 Rc6 31. Re3 Re8 32. R3e2 Rc7 33. Re3 Rce7 34. Rd1 Rc7 35. Rde1 Rc6 36. R1e2 Ke7 37. Kg3 Kd6 38. Kg4 Rc7 39. Re1 Rce7 40.
R3e2 Rh8 41. Re3 Rh4+ 42. Kg3 e5 43. dxe5+ fxe5 44. Rd1 Rc4 45. Red3 d4 46. cxd4 e4 47. Re3 exf3 48. Rxe7 Kxe7 49. Kxf3 Rc2 50. Rd3 Rxb2 51.
g3 Kf6 52. d5 Ke7 53. d6+ Kd7 54. Kg4 b4 55. axb4 Rxb4+ 56. Kxg5 Rb6 57. Kg6 Rxd6+ 58.
Rxd6+ Kxd6 59. Kxg7 b5 60. h4 b4 61. h5 b3 62. h6 b2 63. h7 b1=Q 64. h8=Q Qa1+ 65.
Kh7 Qh1+ 66. Kg8 Qa8+ 67. Kh7 Qh1+ 68. Kg8 Qa8+ 69. Kh7 Qh1+ 1/2-1/2

[Event "*** SCC Grand Prix: Titled Tuesday Blitz"]
[Site "Chess.com"]
[Date "2020.08.11"]
[Round "1"]
[White "PavelShkapenko"]
[Black "Tekushka"]
[Result "1-0"]
[WhiteElo "2669"]
[BlackElo "2327"]
[TimeControl "180+1"]
[EndTime "10:08:15 PDT"]
[Termination "PavelShkapenko won on time"]

1. e4 e6 2. d4 d5 3. exd5 exd5 4. Nf3 Bd6 5. c4 Nf6 6. Nc3 O-O 7. cxd5 Nbd7 8.
Be2 Nb6 9. Bg5 Be7 10. O-O Nfxd5 11. Bd2 Bg4 12. h3 Bh5 13. g4 Bg6 14. Ne5 c6 15. Bf3 Bg5 16. Re1 Bxd2 17. Qxd2 Qd6 18. Bg2 Rae8 19. Nxg6 hxg6 20. Rxe8 Rxe8 21. Re1 Rxe1+ 22.
Qxe1 Kf8 23. Ne4 Qe7 24. Qd2 Nc4 25. Qc2 Nd6 26. Qc5 Nxe4 27. Bxe4 Nf4 28. Kh2 g5 29.
Qe5 Qxe5 30. dxe5 Ke7 31. Bf5 g6 32. Bc8 b6 33. Kg3 Nd3 34. e6 fxe6 35. h4 gxh4+ 36.
Kxh4 Nxf2 37. Bb7 c5 38. Kg5 e5 39. Kxg6 Nxg4 40. Kf5 Ne3+ 41. Ke4 Nc4 42. Ba6 Nxb2 43.
Kxe5 Na4 44. Kd5 Kd7 45. Bb5+ Kc7 46. Bxa4 Kb7 47. Bb5 a6 48. Bc6+ Kc7 49. a3 Kc8 50. Kd6 c4 51. Be4 c3 52. Kc6 b5 53. Kb6 Kb8 54.
Kxa6 Kc7 55. Kxb5 Kd6 56. Kb4 Ke5 57. Bc2 Kd6 58. Kxc3 Kc7 59. Kb4 1-0

[Event "*** SCC Grand Prix: Titled Tuesday Blitz"]
[Site "Chess.com"]
[Date "2020.08.11"]
[Round "1"]
[White "PavlovDanila"]
[Black "Lysiak_Poltorak"]
[Result "1/2-1/2"]
[WhiteElo "2671"]
[BlackElo "2344"]
[TimeControl "180+1"]
[EndTime "10:08:16 PDT"]
[Termination "Game drawn by repetition"]

1. e4 c5 2. Nf3 Nc6 3. d4 cxd4 4. Nxd4 Nf6 5. Nc3 e5 6. Ndb5 d6 7. Bg5 a6 8. Na3 b5 9. Nd5 Be7 10. Bxf6 Bxf6 11. c3 Ne7 12. Nxe7 Bxe7 13. Nc2 Bb7 14. Bd3 d5 15. Qe2 O-O 16. Rd1 dxe4 17. Bxe4 Qb6 18. O-O Bxe4 19. Qxe4 Qe6 20. Ne3 Rfd8 21. Nd5 Rac8 22.
Rfe1 Bd6 23. Rd2 f5 24. Qe2 e4 25. Red1 Bc5 26. Kh1 Rd6 27. b3 Rcd8 28. c4 bxc4 29. Qxc4 Ba3 30. Ne7+ Kf7 31. Rxd6 Rxd6 32. Rxd6 Qxc4 33.
bxc4 Bxd6 34. Nxf5 Bc5 35. Ng3 Bxf2 36. Nxe4 Bd4 37. g3 Ke6 38. Kg2 Ke5 39. Kf3 g6 40. g4 Bg1 41. h3 Kd4 42. Nd2 Bh2 43. Ke2 Bf4 44. Kd1 Bxd2 45. Kxd2 Kxc4 46. Kc2 a5 47. a3 a4 48. g5 Kd4 49. Kd2 Kc4 50. Kc2 Kd4 51. Kd2 Kc4 52. Kc2 1/2-1/2

[Event "*** SCC Grand Prix: Titled Tuesday Blitz"]
[Site "Chess.com"]
[Date "2020.08.11"]
[Round "1"]
[White "LuisFSiles"]
[Black "Karateloru"]
[Result "1-0"]
[WhiteElo "2322"]
[BlackElo "2634"]
[TimeControl "180+1"]
[EndTime "10:08:17 PDT"]
[Termination "LuisFSiles won on time"]

1. e4 c5 2. c3 Nc6 3. d4 cxd4 4. cxd4 d5 5. exd5 Qxd5 6. Nf3 e6 7. a3 Nf6 8. Nc3 Qd8 9. Bd3 Be7 10. O-O O-O 11.
Bc2 b6 12. Qd3 Bb7 13. Bg5 g6 14. Bh6 Re8 15. Rad1 Rc8 16. Bb3 Na5 17. Ba2 Nd5 18. Ne4 Bf8 19. Bg5 f6 20. Bxd5 fxg5 21. Ba2 h6 22.
Nexg5 hxg5 23. Qxg6+ Bg7 24. Nxg5 Qf6 25. Qh7+ Kf8 26.
Qh5 Kg8 27. Qh7+ Kf8 28. Qh5 Qf5 29. Bxe6 Rxe6 30. Nh7+ Qxh7 31. Qxh7 Kf7 32. d5 Rg6 33. Qh5 Rd8 34. f4 Rh8 35. Qf5+ Rf6 36. Qd7+ Kg6 37. f5+ Kh6 38. g4 Rg8 39. h4 Rff8 40. g5+ Kh5 41. f6 Bxf6 42. Qh7+ Kg4 43. Rxf6 Nc4 44. Qf5+ Kg3 45. Qf4+ Kh3 46. Qf3+ Kxh4 47. Rh6+ Kxg5 48. Qh5+ Kf4+ 49. Kh1 Rg5 50. Rf1+ Ke3 51. Qxg5+ Ke2 52. Rxf8 Ne3 53. Rh2+ Kd3 54. Rh3 Bxd5+ 55. Kg1 1-0

[Event "*** SCC Grand Prix: Titled Tuesday Blitz"]
[Site "Chess.com"]
[Date "2020.08.11"]
[Round "1"]
[White "Khazieva_Elza"]
[Black "Swarnapuri"]
[Result "1-0"]
[WhiteElo "2315"]
[BlackElo "2616"]
[TimeControl "180+1"]
[EndTime "10:08:17 PDT"]
[Termination "Khazieva_Elza won by resignation"]

1. e4 Nc6 2. d3 e5 3. Nf3 g6 4. g3 Bg7 5. Bg2 Nge7 6. O-O O-O 7. c3 d6 8. h3 h6 9. d4 exd4 10. cxd4 d5 11. e5 Be6 12. Nc3 Qd7 13. Kh2 b6 14. b3 Na5 15. Ba3 Rac8 16. Na4 Rfe8 17. Rc1 Kh7 18. Qd3 Nc4 19. Bb4 a5 20. Be1 Na3 21.
h4 Bf5 22. Qd2 Bg4 23. Qf4 Rf8 24. Bd2 Nb5 25. Rfe1 Qf5 26. Qe3 Bxf3 27. Bxf3 Nxd4 28. Bxd5 Nc2 29. Rxc2 Qxc2 30. Be4 Qxa2 31. h5 Rcd8 32. Re2 Nd5 33. Qd3 Nf4 34. Bxf4 Qa1 35. hxg6+ Kh8 36. Qf3 Rd1 37. gxf7 Qd4 38. e6 Qf6 39. e7 Qxe7 40.
Qg4 Qf6 41. Qf3 Qxf7 42. Qg4 Rf1 43. Be3 Qf6 44. Bd3 Rd1 45. Qe4 Kg8 46. Qh7+ Kf7 47.
Bc4+ Ke7 48. Bd4+ Kd6 49. Bxf6 Bxf6 50. Qxh6 Rh8 51. Re6+ Kd7 52. Rxf6 Rxh6+ 53. Rxh6 Rd2 54. Bb5+ Ke7 55. Kg2 c6 56. Bxc6 1-0

[Event "*** SCC Grand Prix: Titled Tuesday Blitz"]
[Site "Chess.com"]
[Date "2020.08.11"]
[Round "1"]
[White "RobertoJBM"]
[Black "Grieve72"]
[Result "1-0"]
[WhiteElo "2708"]
[BlackElo "2352"]
[TimeControl "180+1"]
[EndTime "10:08:18 PDT"]
[Termination "RobertoJBM won by resignation"]

1. d4 f5 2. g3 Nf6 3. Bg2 g6 4. Nf3 Bg7 5. O-O O-O 6. c4 d6 7.
Nc3 c6 8. d5 e5 9. dxe6 Bxe6 10. b3 Na6 11. Nd4 Bf7 12. Bb2 Qe7 13. e3 Nc5 14. Qc2 Nfe4 15. Rad1 Rad8 16. Rfe1 Rfe8 17. Nf3 h6 18. Nd2 Nf6 19. e4 f4 20. Ne2 fxg3 21.
hxg3 Ng4 22. Bxg7 Kxg7 23. f3 Ne5 24. Nf1 Qf6 25. f4 Ng4 26. Nc3 g5 27. Bf3 Bh5 28. Nh2 Nxh2 29. Bxh5 gxf4 30. Qxh2 Re5 31. gxf4 Re7 32. e5 Qf5 33. exd6 Rxe1+ 34. Rxe1 Kh8 35.
Qg3 Rg8 36. Re8 Rxe8 37. Bxe8 Qc2 38. d7 Qd2 39. f5 Nxd7 40. Bxd7 Qxd7 41. Kf2 Qd4+ 42.
Qe3 Qh4+ 43. Ke2 h5 44. Ne4 Qe7 45. Qh6+ Kg8 46. Qg6+ Kh8 47. Kf3 Qe5 48. Qxh5+ Kg7 49. Qg5+ Kf8 50. Qf4 Qb2 51. Qd6+ Kg8 52. Qg6+ Kf8 53.
Qf6+ Qxf6 54. Nxf6 Kf7 55. Ne4 Ke7 56. Ke3 b5 57. Kd4 b4 58. c5 a5 59. Kc4 Kd7 60.
Kd3 Ke7 61. Kc2 Kd7 62. Kb2 Ke7 63. a3 Kd7 64. axb4 axb4 65. Kc2 Kc7 66. Kd3 Kb7 67. Kc4 Ka6 68. Kxb4 Ka7 69. Ka5 Kb7 70. b4 Ka7 71. b5 Kb7 72. bxc6+ Kxc6 73. Kb4 1-0

[Event "*** SCC Grand Prix: Titled Tuesday Blitz"]
[Site "Chess.com"]
[Date "2020.08.11"]
[Round "1"]
[White "Nemsko"]
[Black "Gusarov91"]
[Result "1-0"]
[WhiteElo "2332"]
[BlackElo "2646"]
[TimeControl "180+1"]
[EndTime "10:08:22 PDT"]
[Termination "Nemsko won by checkmate"]

1. e4 c6 2. d4 Na6 3. Nc3 Nc7 4. Be3 d5 5. Qd2 h5 6. e5 g6 7.
h4 Nh6 8. f3 Nf5 9. Bf4 e6 10.
O-O-O Bh6 11. Bxh6 Nxh6 12. Nh3 Nf5 13. Ng5 Bd7 14. Qf4 Qe7 15. Bd3 O-O-O 16. Kb1 Rdf8 17. Rh3 f6 18. exf6 Qxf6 19. Ne2 Ne8 20. Qe5 Ned6 21.
Nf4 Rhg8 22. Nh7 Qe7 23. Nxf8 Qxf8 24. g4 Nf7 25. Qf6 Qe7 26. Qxe7 Nxe7 27. gxh5 gxh5 28. Nxh5 e5 29. Nf6 Rh8 30. Nxd7 Kxd7 31. dxe5 Nxe5 32. Be2 N7g6 33. Rh2 Nf4 34. Rf1 Kd6 35. Bd1 Neg6 36. Rfh1 Rh5 37. c3 c5 38. Bc2 Ne5 39. Rf1 d4 40.
cxd4 cxd4 41. Be4 d3 42. Bxb7 Kc5 43. Be4 Kd4 44. b3 a5 45. Kb2 Nf7 46. Rd1 Ne5 47.
Rdd2 Ke3 48. Rd1 Rh8 49. Re1+ Ne2 50. Ka1 Kd2 51. Bxd3 Kxd3 52. Rhxe2 Nxf3 53. Re3+ Kd2 54. R1e2+ Kd1 55. Rf2 Nxh4 56. Rh3 Ke1 57. Rfh2 Rc8 58. Rxh4 Kf1 59. Kb2 Kg1 60. Rc2 Rf8 61. Rh5 a4 62. b4 Rf4 63. a3 Rf3 64. Ka2 Rg3 65. Rd5 Rg2 66. Rd1+ Kh2 67. Rxg2+ Kxg2 68. b5 Kf3 69. b6 Ke4 70. b7 Ke3 71. b8=Q Ke2 72. Rd7 Ke3 73. Qe8+ Kf3 74. Rf7+ Kg4 75. Qg8+ Kh5 76.
Rh7# 1-0

[Event "*** SCC Grand Prix: Titled Tuesday Blitz"]
[Site "Chess.com"]
[Date "2020.08.11"]
[Round "1"]
[White "Titus369"]
[Black "Juanovic"]
[Result "1/2-1/2"]
[WhiteElo "2487"]
[BlackElo "2067"]
[TimeControl "180+1"]
[EndTime "10:08:23 PDT"]
[Termination "Game drawn by repetition"]

1. e4 e5 2. Nf3 d6 3. d4 Nd7 4. Nc3 Ngf6 5. Bc4 Be7 6. O-O O-O 7. h3 c6 8. a4 a5 9. Bg5 h6 10. Bh4 Re8 11. Re1 Qc7 12. Qb1 Nb6 13. Bb3 Nh5 14. Bxe7 Qxe7 15. Qa2 Be6 16. dxe5 dxe5 17. Nxe5 Bxb3 18.
Qxb3 Nxa4 19. Nxf7 Qxf7 20. Qxf7+ Kxf7 21. Rxa4 b5 22. Rd4 Rad8 23. Red1 Ke7 24. e5 g5 25.
Rxd8 Rxd8 26. Rxd8 Kxd8 27. Ne4 Ke7 28. Nc5 Nf4 29. c3 Ng6 30. e6 Nf4 31. Nb7 a4 32. Na5 c5 33. Kf1 Nd3 34. Nb7 Kxe6 35. Ke2 Nxb2 36.
Nxc5+ Kd5 37. Na6 a3 38. Nb4+ Kc4 39. Kd2 Na4 40. Kc2 Nxc3 41. Nd3 b4 42. Ne5+ Kd4 43. Nc6+ Kc5 44. Ne5 a2 45. Kb2 Nd1+ 46. Kxa2 Nxf2 47. Kb3 Ne4 48. Nd3+ Kb5 49. Nxb4 Nd2+ 50. Kc2 Kxb4 51. Kxd2 Kc4 52. Ke3 Kd5 53. Kf3 Ke5 54. Kg4 Kf6 55. Kh5 Kg7 56. g3 Kh7 57. Kg4 Kg6 58. Kf3 h5 59.
Ke4 Kf6 60. Kd4 Kf5 61. Kd3 h4 62. gxh4 gxh4 63. Ke3 Kg5 64. Kf3 Kf5 65. Ke3 Kg5 66. Kf3 Kf5 67. Ke3 1/2-1/2

[Event "*** SCC Grand Prix: Titled Tuesday Blitz"]
[Site "Chess.com"]
[Date "2020.08.11"]
[Round "1"]
[White "Vsevolod_Ovchinnikov"]
[Black "GM_dmitrij"]
[Result "0-1"]
[WhiteElo "2436"]
[BlackElo "2926"]
[TimeControl "180+1"]
[EndTime "10:08:24 PDT"]
[Termination "GM_dmitrij won on time"]

1. d4 Nf6 2. c4 g6 3. Nc3 Bg7 4. e4 d6 5. Nf3 O-O 6. h3 e5 7. d5 a5 8. g4 Na6 9. Be3 Nd7 10. Rg1 Ndc5 11. a3 Bd7 12. Qc2 a4 13. Nd2 c6 14. O-O-O Qa5 15. Kb1 cxd5 16. exd5 Rac8 17.
f3 f5 18. Be2 Kh8 19. Ka1 Rce8 20. Rdf1 Re7 21. Bg5 Ref7 22. Re1 e4 23. fxe4 fxg4 24. hxg4 Rf2 25. Be3 Rh2 26. Rh1 Rg2 27. Reg1 Rxg1+ 28. Rxg1 Re8 29. Bf3 Kg8 30. g5 b5 31. cxb5 Bxb5 32. Nxb5 Qxb5 33. Rb1 Rc8 34. Qd1 Nb3+ 35. Nxb3 axb3 36.
Rc1 Ra8 37. Kb1 Qa4 38. Qd3 Rf8 39. Be2 Nb8 40. Rc4 Qb5 41. a4 Qb7 42. Rc1 Nd7 43.
Qb5 Qa8 44. Qxd7 Kh8 45. Qb5 Qd8 46. Qxb3 Qa8 47. Bb5 Rb8 48. Rc2 Qb7 49. Ka2 Qf7 50. Bd2 h5 51. Bc3 Kh7 52. Bxg7 Qxg7 53. Rc6 Qe7 54. Qc4 Rb7 55. a5 Ra7 56. a6 h4 57.
Qe2 Qxg5 58. Rxd6 Qe7 59. Re6 Qb4 60. Qc4 Qa5+ 61. Kb3 h3 0-1

[Event "*** SCC Grand Prix: Titled Tuesday Blitz"]
[Site "Chess.com"]
[Date "2020.08.11"]
[Round "1"]
[White "Blagorod"]
[Black "DariaVoit"]
[Result "0-1"]
[WhiteElo "2115"]
[BlackElo "2507"]
[TimeControl "180+1"]
[EndTime "10:08:24 PDT"]
[Termination "DariaVoit won by resignation"]

1. e4 e6 2. d4 d5 3. Nc3 Bb4 4. exd5 exd5 5. Bd3 Nf6 6. Ne2 O-O 7. O-O Bg4 8. f3 Bh5 9. Nf4 Bg6 10. Nxg6 hxg6 11. Ne2 c5 12. c3 Ba5 13. dxc5 Bc7 14. Bf4 a5 15. b4 axb4 16. cxb4 b6 17. Be3 Re8 18.
Bf2 Be5 19. Bd4 Qc7 20. Bb5 Nbd7 21. Bxe5 Qxe5 22. Re1 bxc5 23. bxc5 Qe3+ 24. Kh1 Qxc5 25. Bxd7 Nxd7 26. Nf4 Nb6 27. h3 g5 28. Ne2 Nc4 29. Ng3 Qf2 30. Rxe8+ Rxe8 31. Nf5 g6 32. Nh6+ Kg7 33. Ng4 Qb2 34. Qc1 Re2 35. Qxb2+ Rxb2 36. a4 f5 37. Nh2 Na5 38. Nf1 d4 39. Kh2 Kf6 40.
Kg3 Ke5 41. Kh2 d3 42. Rd1 Kd4 43. Nd2 Ra2 44. f4 gxf4 45. Nf3+ Ke3 46. Re1+ Kf2 47. Rd1 Ke2 48. Re1+ Kf2 49. Rd1 Ra3 50. Rd2+ Ke3 51. Rd1 Nc4 52. Re1+ Kf2 53. Rd1 Ke2 54. Rd2+ Nxd2 55.
Nd4+ Ke3 56. Nb5 Rxa4 57. Nc3 Ra3 58. Nd5+ Kd4 59. Nxf4 Ne4 60. Nxd3 Kxd3 61. h4 Ra2 62.
Kh3 Ke3 63. h5 gxh5 64. Kh4 Rxg2 65. Kxh5 Kf4 0-1

[Event "*** SCC Grand Prix: Titled Tuesday Blitz"]
[Site "Chess.com"]
[Date "2020.08.11"]
[Round "1"]
[White "nikitakhoroshev"]
[Black "zmarian"]
[Result "1-0"]
[WhiteElo "2552"]
[BlackElo "2186"]
[TimeControl "180+1"]
[EndTime "10:08:25 PDT"]
[Termination "nikitakhoroshev won on time"]

1. d4 g6 2. c4 Bg7 3. Nc3 Nf6 4. e4 d6 5. Be2 O-O 6. Bg5 c5 7. d5 e6 8. f3 exd5 9. cxd5 h6 10. Bd2 Na6 11.
a3 Nc7 12. a4 b6 13. Bc4 a6 14. Nge2 Bd7 15. O-O b5 16. Bd3 Re8 17. b3 Qe7 18.
Ra2 Reb8 19. Nb1 bxa4 20. bxa4 Rb7 21. Qc2 Qe8 22. Bf4 Qe7 23. Nd2 Rb4 24. Nc4 Nfe8 25. Bd2 Rb7 26. Rb1 Rab8 27. Rxb7 Rxb7 28. Bc3 Bxc3 29.
Qxc3 Bc8 30. Na5 Rb6 31. Nc4 Rb4 32. Rb2 Rxb2 33. Qxb2 Bd7 34. Nb6 g5 35. Ng3 Ng7 36. Nf1 Nge8 37. Ne3 Ng7 38. Nec4 Nge8 39. Na5 Qf6 40.
Qxf6 Nxf6 41. Nb7 Nce8 42. Bxa6 Kf8 43. Kf2 Ke7 44. Nxd7 Nxd7 45. Bb5 Nc7 46. Bc6 Na6 47.
Na5 Ndb8 48. Bb5 Nb4 49. Nc4 N8a6 50. Ke3 Nc7 51. Bc6 Nca6 52. a5 Nc7 53. Kd2 Nca6 54. Kc3 Nc7 55. Nb2 Nca6 56. Bb5 Nc7 57. Bc4 Nba6 58.
Nd3 Kd7 59. g3 f6 60. f4 Kc8 61. e5 fxe5 62. fxe5 dxe5 63. d6 Nb4 64. dxc7 Kxc7 65. Nxb4 1-0

[Event "*** SCC Grand Prix: Titled Tuesday Blitz"]
[Site "Chess.com"]
[Date "2020.08.11"]
[Round "1"]
[White "midedu"]
[Black "AlexSuv"]
[Result "0-1"]
[WhiteElo "2150"]
[BlackElo "2515"]
[TimeControl "180+1"]
[EndTime "10:08:25 PDT"]
[Termination "AlexSuv won by resignation"]

1. e4 c5 2. Nc3 e6 3. g3 Nc6 4.
Bg2 g6 5. Nge2 Bg7 6. d3 Nge7 7. O-O O-O 8. Bg5 d6 9. Qd2 Nd4 10. Nxd4 cxd4 11. Ne2 f6 12. Bh6 e5 13. Bxg7 Kxg7 14.
c3 dxc3 15. bxc3 Be6 16. d4 Bc4 17. Rfe1 Rc8 18. f4 Qc7 19. Bh3 Rcd8 20. fxe5 fxe5 21.
Nc1 Rf6 22. Nd3 Bxd3 23. Qxd3 Rdf8 24. Rf1 Nc6 25. Rxf6 Rxf6 26. Rf1 Rxf1+ 27. Kxf1 exd4 28. cxd4 Qb6 29. e5 dxe5 30. dxe5 Nxe5 31. Qc3 Qb1+ 32. Qe1 Qxe1+ 33. Kxe1 Kf6 34. Bg2 b6 35. Kd2 Nd7 36. Kc3 Ke5 37. h3 Nf6 38. Kc4 Kd6 39. a4 Nh5 40. g4 Nf4 41. Bf1 g5 42. Kb5 Kc7 43.
Ka6 Kb8 44. Kb5 Kc7 45. Kc4 Kc6 46. Kd4 Kd6 47. Ke4 Ke6 48. h4 h6 49. hxg5 hxg5 50. Bc4+ Kf6 51. Kd4 Ng6 52. Kd5 Ne5 53. Be2 Nd7 54.
Kd6 Nc5 55. a5 Ne4+ 56. Kc6 bxa5 57. Kb5 a4 58. Kxa4 Nc3+ 59. Kb4 Nxe2 60. Ka5 Ke5 61.
Ka6 Kf4 62. Kxa7 Kxg4 63. Kb6 Kh3 64. Kb7 g4 65. Kb6 g3 66. Kc6 g2 67. Kb6 g1=Q+ 68.
Kb7 Qc5 69. Ka6 Nd4 70. Kb7 Qc6+ 0-1

[Event "*** SCC Grand Prix: Titled Tuesday Blitz"]
[Site "Chess.com"]
[Date "2020.08.11"]
[Round "1"]
[White "Shivagami"]
[Black "Warre"]
[Result "0-1"]
[WhiteElo "2212"]
[BlackElo "2576"]
[TimeControl "180+1"]
[EndTime "10:08:26 PDT"]
[Termination "Warre won by resignation"]

1. d4 Nf6 2. c4 e6 3. Nc3 Bb4 4. f3 d5 5. cxd5 exd5 6. e3 O-O 7. Bd3 c5 8. a3 Bxc3+ 9. bxc3 Re8 10. Ne2 b6 11. O-O Ba6 12. Ng3 Bxd3 13. Qxd3 Nc6 14. a4 Rc8 15. Bb2 h5 16. Nf5 g6 17. Ng3 Na5 18. e4 h4 19. Ne2 dxe4 20. fxe4 Nxe4 21. Qf3 f5 22. Bc1 cxd4 23. cxd4 Qd5 24. Kh1 Kg7 25. Bf4 Nc4 26. Qh3 g5 27. Bxg5 Nxg5 28. Qxh4 Ne4 29. Nf4 Qd8 30. Nh5+ Kg8 31. Qf4 Qg5 32.
Qxg5+ Nxg5 33. Nf6+ Kg7 34. Nxe8+ Rxe8 35. Rxf5 Kg6 36.
Rf4 Re2 37. Raf1 Ne3 38. Rg1 Nf5 39. h4 Ne6 40. Rg4+ Kh5 41. Rg8 Nfxd4 42. Rf1 Re4 43. g3 Rg4 44. Rh8+ Kg6 45. Rg8+ Kh5 46. Rh8+ Kg6 47.
Rg8+ Ng7 48. h5+ Kxh5 49. Kg2 Ndf5 50. Rh1+ Kg6 51. Kf2 Rxa4 52. Rf8 Ra2+ 53. Kf3 Ra3+ 54. Kf4 Ra4+ 55. Ke5 Rg4 56. Rf6+ Kg5 57. Rh7 Rxg3 58. Rf7 Re3+ 59. Kd5 Kg6 60. Re7 Rxe7 0-1

[Event "*** SCC Grand Prix: Titled Tuesday Blitz"]
[Site "Chess.com"]
[Date "2020.08.11"]
[Round "1"]
[White "ExtremeLearner"]
[Black "belisarius64"]
[Result "0-1"]
[WhiteElo "2356"]
[BlackElo "2717"]
[TimeControl "180+1"]
[EndTime "10:08:27 PDT"]
[Termination "belisarius64 won by resignation"]

1. d4 Nf6 2. Nf3 g6 3. g3 Bg7 4.
Bg2 O-O 5. O-O d6 6. b3 b5 7. a4 b4 8. c4 Bb7 9. Bb2 a5 10. Nbd2 Nbd7 11. Re1 Ne4 12. Nxe4 Bxe4 13. Nd2 Bxg2 14. Kxg2 c5 15. e3 d5 16. Rc1 Nb6 17. Qc2 cxd4 18. Bxd4 Bxd4 19. exd4 dxc4 20. Nxc4 Rc8 21.
Qe4 Nd5 22. h4 Nc3 23. Qxe7 Qxd4 24. Ne3 Rfe8 25. Qg5 Rc5 26. Qg4 Qxg4 27. Nxg4 Rd8 28. Re3 Rd2 29. Rce1 h5 30. Nf6+ Kg7 31. Ne8+ Kf8 32.
Nf6 Rf5 33. Ne4 Nxe4 34. Rxe4 Rfxf2+ 35. Kg1 Rg2+ 36. Kh1 Rxg3 37. Re8+ Kg7 38. Ra8 Rxb3 39. Ra7 Rh3+ 40. Kg1 Rf3 41. Rxa5 b3 42. Rb5 Ra2 43. a5 b2 44. Rb1 Rf4 45. R1xb2 Rxb2 46. Rxb2 Ra4 47. Rb5 Rxh4 48. a6 Ra4 49. Rb6 f5 50.
Kf2 Kh6 51. Kf3 Kg5 52. Ke3 h4 53. Kd3 h3 54. Kc3 h2 55. Rb1 Rxa6 56. Rh1 Ra2 57. Kb3 Rg2 58. Kc3 Kg4 59. Kd3 Kg3 60. Ke3 Rg1 61.
Rxh2 Kxh2 62. Kf4 Rg4+ 63. Ke5 Kg3 64. Kf6 Kf4 65. Kg7 g5 66. Kh6 Rh4+ 67. Kg6 g4 68. Kf6 0-1

[Event "*** SCC Grand Prix: Titled Tuesday Blitz"]
[Site "Chess.com"]
[Date "2020.08.11"]
[Round "1"]
[White "WiktoriaPOL"]
[Black "sergeikim"]
[Result "0-1"]
[WhiteElo "1860"]
[BlackElo "2464"]
[TimeControl "180+1"]
[EndTime "10:08:28 PDT"]
[Termination "sergeikim won on time"]

1. c4 e5 2. Nc3 Nc6 3. Nf3 g6 4. d4 exd4 5. Nxd4 Bg7 6. Nxc6 bxc6 7. g3 Nf6 8. Bg2 O-O 9. O-O Re8 10. Qc2 Rb8 11. b3 Qe7 12. Bb2 Bb7 13. e4 d6 14.
Rfe1 Nd7 15. Rad1 Nc5 16. f4 a5 17. Ba3 Ne6 18. e5 c5 19. exd6 cxd6 20. Bxb7 Qxb7 21. Nd5 Nd4 22. Qd3 Qd7 23. Kg2 h5 24. h3 a4 25. Bb2 axb3 26. Bxd4 cxd4 27. axb3 Qb7 28. b4 Ra8 29. Rxe8+ Rxe8 30. b5 Ra8 31. Re1 Qa7 32. Re7 Qa1 33. b6 Ra2+ 34. Re2 Rb2 35. Rxb2 Qxb2+ 36. Kf3 Kh7 37. Qe2 Qb3+ 38. Kf2 d3 39. Qe4 d2 40. Ne3 Qxb6 41. Qd3 Qb2 42. Ke2 d1=Q+ 43. Kxd1 Qf2 44. Qd2 Qxg3 45. f5 Qxh3 46. fxg6+ fxg6 47. Nd5 Qf3+ 48. Qe2 Qxe2+ 49. Kxe2 Bd4 50.
Kf3 g5 51. Kg3 Kg6 52. Kh3 Bf6 53. Kg3 Kf5 54. Kf3 g4+ 55. Kg3 h4+ 56. Kg2 Be5 57. Ne3+ Kg5 58. Nd5 h3+ 0-1

[Event "*** SCC Grand Prix: Titled Tuesday Blitz"]
[Site "Chess.com"]
[Date "2020.08.11"]
[Round "1"]
[White "arminmusovic"]
[Black "XxPetroffsxX"]
[Result "1-0"]
[WhiteElo "2481"]
[BlackElo "2005"]
[TimeControl "180+1"]
[EndTime "10:08:30 PDT"]
[Termination "arminmusovic won by resignation"]

1. a3 Nf6 2. Nc3 g6 3. e4 d5 4.
e5 Nfd7 5. f4 e6 6. Nf3 c5 7. g3 Nc6 8. Bh3 Bg7 9. O-O Nd4 10. d3 Qb6 11. Nxd4 cxd4 12. Ne2 O-O 13. Bd2 a5 14. Rb1 Qc6 15. Nxd4 Qb6 16. Be3 Qa6 17. a4 Nb6 18. Nb5 Nxa4 19. Nc7 Qc6 20. Nxa8 Bd7 21. Bg2 Rxa8 22. Bd4 b5 23. Qd2 Nc5 24. b4 Na4 25. bxa5 Bf8 26. c3 Nc5 27. h4 h5 28. Rb2 Na6 29. Rfb1 Qc7 30. Bb6 Bc5+ 31. d4 Bxb6 32. axb6 Qxb6 33. Bf1 Rb8 34. Bxb5 Bxb5 35. Rxb5 Qc7 36. Rxb8+ Nxb8 37. Qb2 Nd7 38. Qb4 Kg7 39. Ra1 Nb6 40. Qa5 Qc6 41. Qc5 Qb7 42.
Rb1 Qa7 43. Qxb6 Qa2 44. Qb2 Qc4 45. Rf1 Qd3 46. Kg2 Qe4+ 47. Rf3 Qe1 48. Qf2 Qb1 49. Re3 Qf5 50. Re1 Kh7 51. Qd2 Kg7 52. Re2 Qg4 53. Qd3 Qf5 54. Qxf5 gxf5 55. Rb2 Kh7 56. c4 Kg7 57. c5 Kh7 58. Rb7 1-0